Map: [ESL] Hard Lead

Players

Oliveira - Winner!

  • Race: Terran Terran
  • Spawn Location: 11:00

Elazer

  • Race: Zerg Zerg
  • Spawn Location: 5:00

Event: ESL SC2 Masters 2023 Winter (Finals)

VOD

Have the link to the VOD?

Description

Time

  • Played on: Dec. 16, 2023, 9:58 a.m.
  • Length: 11:26

All games in this series

Show
View Real Time Build Order
Export as new Build Order

Oliveira Terran - Winner!

Build Orders:  

Get SALT Encoding   

  12  0:00  SCV  
  13  0:12  SCV  
  14  0:19  Supply Depot  
  14  0:24  SCV  
  15  0:40  SCV  
  15  0:42  Barracks  
  16  0:44  Refinery  
  16  0:52  SCV  
  17  0:59  Barracks  
  17  1:04  SCV  
  18  1:17  SCV  
  19  1:30  Orbital Command, Reaper  
  20  1:34  Supply Depot  
  20  1:47  Reaper  
  21  1:56  SCV  
  22  2:06  Reaper  
  22  2:08  SCV  
  24  2:13  Command Center  
  24  2:20  SCV  
  24  2:22  Refinery  
  25  2:32  Barracks Reactor, SCV  
  26  2:39  Barracks Tech Lab  
  26  2:44  SCV  
  27  2:56  SCV  
  28  3:03  Command Center  
  28  3:09  SCV  
  29  3:14  Factory  
  29  3:17  Marine x2  
  28  3:21  SCV  
  29  3:27  Orbital Command  
  29  3:28  Marine  
  29  3:33  SCV  
  31  3:36  Marine x2  
  33  3:45  SCV  
  33  3:46  Barracks Tech Lab  
  34  3:53  SCV  
  35  3:56  Marine  
  35  3:57  SCV  
  35  3:58  Starport  
  35  4:00  Factory Reactor  
  37  4:05  SCV  
  37  4:06  Stimpack  
  39  4:10  SCV  
  39  4:12  Marine x2  
  39  4:15  Orbital Command  
  41  4:17  SCV  
  41  4:19  Marine  
  41  4:22  SCV  
  44  4:25  Supply Depot  
  44  4:29  SCV  
  44  4:31  Marine  
  45  4:36  Hellion x2, Medivac  
  52  4:38  SCV  
  52  4:40  Marine  
  52  4:41  SCV  
  52  4:42  SCV  
  52  4:44  Marine  
  57  4:47  Supply Depot  
  57  4:50  SCV  
  57  4:52  Marine  
  59  4:53  SCV  
  59  4:54  SCV  
  59  4:58  Hellion x2  
  65  5:02  SCV  
  65  5:03  Armory  
  65  5:06  Marine, Medivac  
  69  5:08  Marine  
  69  5:10  Supply Depot  
  69  5:12  SCV  
  69  5:13  SCV  
  72  5:15  Marine  
  72  5:18  SCV  
  74  5:22  Orbital Command, Refinery  
  74  5:24  Hellion, Marine, Refinery  
  77  5:30  Supply Depot  
  77  5:31  Marine  
  77  5:32  Hellion  
  77  5:33  Marine, Supply Depot  
  81  5:37  Medivac  
  81  5:40  SCV x2  
  85  5:46  Combat Shield  
  85  5:48  Engineering Bay  
  85  5:50  Engineering Bay  
  85  5:51  Marine  
  85  5:52  Hellion, SCV x2  
  85  5:54  SCV  
  93  5:57  Hellion, Marine  
  93  5:59  Marine  
  93  6:03  Supply Depot  
  95  6:07  Starport Reactor  
  95  6:09  Marine  
  95  6:10  SCV  
  97  6:15  Marine  
  97  6:16  SCV  
  97  6:17  SCV, Marine  
  101  6:23  SCV  
  97  6:27  Marine  
  97  6:30  Factory Tech Lab  
  93  6:33  Marine  
  93  6:35  Barracks, Marine  
  93  6:37  Barracks  
  90  6:45  Marine  
  88  6:48  SCV  
  88  6:51  Marine  
  88  6:53  Siege Tank, Marine  
  92  6:59  Liberator  
  92  7:00  Liberator  
  92  7:01  SCV  
  97  7:02  SCV x2  
  97  7:03  Terran Infantry Weapons Level 1, Terran Infantry Armor Level 1, Marine  
  96  7:09  Marine  
  96  7:11  Barracks, Marine  
  96  7:12  Barracks  
  96  7:13  Supply Depot, SCV  
  96  7:14  Barracks, SCV x2  
  101  7:19  Barracks  
  101  7:21  Marine  
  102  7:23  Barracks Tech Lab  
  102  7:24  Barracks Tech Lab  
  102  7:25  SCV  
  102  7:27  Siege Tank, Marine  
  102  7:29  Marine  
  107  7:30  Supply Depot  
  107  7:31  Supply Depot  
  108  7:38  SCV x2  
  108  7:39  Marine  
  110  7:44  Marine  
  110  7:46  Supply Depot  
  110  7:47  Supply Depot  
  110  7:48  Marauder x2  
  107  7:51  Marine  
  107  7:57  Marine  
  100  8:01  Marine x2  
  100  8:02  SCV  
  100  8:04  SCV  
  100  8:05  Orbital Command  
  101  8:09  Marauder  
  101  8:12  Medivac x2  
  99  8:13  Siege Tank, Marine  
  99  8:17  Marauder, Marine x2, SCV  
  99  8:18  SCV  
  107  8:22  Concussive Shells  
  106  8:29  SCV  
  106  8:30  SCV  
  108  8:36  Marauder x2, Marine  
  108  8:37  Marine  
  114  8:41  Marauder  
  114  8:42  SCV  
  114  8:44  SCV, Supply Depot  
  114  8:45  Barracks Reactor  
  114  8:46  Barracks Reactor  
  114  8:47  Barracks Tech Lab  
  118  8:49  Siege Tank, Marine  
  122  8:56  SCV  
  122  8:58  Marauder  
  122  8:59  Supply Depot  
  122  9:01  Missile Turret  
  125  9:04  Supply Depot  
  125  9:05  Terran Infantry Weapons Level 2  
  125  9:12  Marine  
  125  9:14  Marauder  
  130  9:17  Marauder  
  130  9:19  Marauder  
  130  9:21  Supply Depot  
  130  9:23  Marauder, SCV  
  135  9:25  Siege Tank  
  135  9:26  Marine  
  135  9:27  Marine  
  135  9:29  Marine x2  
  142  9:33  Marine x2, Supply Depot  
  142  9:34  Marine  
  144  9:40  Marine  
  144  9:41  Marauder  
  144  9:45  Marauder x3  
  152  9:46  Medivac x2  
  152  9:47  Marine  
  152  9:49  Supply Depot  
  152  9:51  Supply Depot  
  157  9:54  Marine  
  157  9:58  Supply Depot  
  157  9:59  Marine, Supply Depot  
  159  10:01  Marine x2  
  159  10:02  Marauder  
  163  10:07  Siege Tank  
  163  10:09  Marine  
  163  10:11  Marauder, Marine x3  
  169  10:14  Supply Depot  
  169  10:17  Marauder, Marine x2  
  173  10:22  Marine, Supply Depot  
  173  10:26  Marine  
  173  10:27  Marauder, Marine x2  
  179  10:33  Marine x2  
  179  10:34  Marine, Marauder  
  179  10:35  Marauder, Marine  
  187  10:39  Marine  
  187  10:40  Marine  
  187  10:49  Marauder  
  187  10:50  Marine  
  187  10:52  Marine x2  
  187  10:55  Marauder  
  194  10:57  Marauder  
  174  11:12  Command Center  
Show
View Real Time Build Order
Export as new Build Order

Elazer Zerg 

Build Orders: Hatch First 

Get SALT Encoding   

  12  0:00  Drone  
  13  0:12  Overlord  
  13  0:17  Drone  
  14  0:30  Drone x2  
  16  0:47  Hatchery  
  15  0:50  Drone  
  15  0:54  Drone  
  17  0:57  Drone  
  17  1:00  Extractor  
  17  1:13  Spawning Pool  
  17  1:16  Drone  
  17  1:19  Drone  
  18  1:27  Drone  
  19  1:38  Drone  
  20  1:50  Drone  
  21  1:59  Queen  
  21  2:00  Queen, Metabolic Boost  
  25  2:02  Zergling x2  
  25  2:03  Zergling x2  
  27  2:10  Zergling x2  
  27  2:11  Overlord  
  28  2:32  Zergling x8  
  28  2:35  Queen  
  34  2:43  Drone  
  35  2:45  Overlord  
  35  2:47  Extractor  
  35  3:02  Hatchery  
  35  3:05  Drone x4  
  38  3:10  Drone x3  
  41  3:16  Hatchery  
  41  3:19  Drone x2  
  43  3:25  Drone  
  44  3:41  Overlord  
  42  3:42  Queen  
  42  3:47  Overlord  
  44  3:59  Queen  
  44  4:00  Drone x6  
  52  4:06  Drone x2  
  52  4:09  Overlord  
  54  4:17  Drone  
  54  4:20  Queen  
  54  4:22  Drone x3  
  54  4:23  Overlord  
  60  4:28  Drone x5, Queen  
  67  4:33  Drone  
  68  4:38  Drone  
  68  4:39  Queen  
  68  4:42  Overlord  
  68  4:44  Drone  
  72  4:48  Drone  
  72  4:49  Drone x5  
  72  4:50  Roach Warren  
  72  4:52  Overlord  
  77  5:00  Overlord  
  77  5:03  Extractor  
  77  5:04  Extractor  
  77  5:05  Queen  
  77  5:07  Drone x4  
  77  5:11  Overlord  
  77  5:12  Drone  
  77  5:13  Lair  
  82  5:15  Extractor  
  82  5:20  Drone x8  
  89  5:24  Drone x2  
  91  5:31  Zergling x6  
  93  5:37  Evolution Chamber  
  93  5:38  Evolution Chamber  
  93  5:39  Extractor  
  92  5:44  Zergling x4  
  92  5:47  Drone x4, Extractor  
  92  5:48  Overlord  
  97  5:54  Roach x4  
  105  5:58  Overlord  
  105  6:00  Hatchery  
  105  6:03  Zerg Missile Weapons Level 1, Zerg Ground Armor Level 1  
  104  6:04  Roach  
  104  6:08  Overlord x2  
  104  6:09  Roach x2  
  94  6:26  Roach x8  
  94  6:31  Roach x2  
  94  6:32  Roach, Queen  
  108  6:38  Roach  
  108  6:39  Roach  
  112  6:45  Roach x3  
  101  6:50  Roach x3  
  100  6:54  Roach x2  
  100  7:00  Queen  
  104  7:08  Hatchery  
  104  7:11  Roach x4  
  112  7:19  Ravager x3  
  112  7:21  Queen  
  117  7:22  Ravager  
  117  7:24  Overlord  
  117  7:25  Drone x4  
  117  7:26  Overlord  
  117  7:29  Overlord  
  122  7:32  Glial Reconstitution  
  122  7:43  Roach x4  
  128  7:53  Roach x5  
  106  8:18  Roach x6  
  107  8:23  Zerg Ground Armor Level 2, Zerg Missile Weapons Level 2  
  107  8:26  Ravager  
  108  8:32  Drone x6  
  113  8:36  Queen x2  
  113  8:37  Overlord  
  113  8:39  Drone x4  
  113  8:40  Drone  
  118  8:42  Drone  
  118  8:43  Drone  
  120  8:52  Roach x4  
  120  8:54  Overlord  
  128  8:57  Ravager x3  
  128  8:58  Overlord  
  128  9:02  Roach x2  
  135  9:03  Ravager  
  135  9:04  Ravager  
  135  9:07  Roach x2  
  141  9:12  Overlord x2  
  141  9:17  Overlord  
  141  9:22  Drone x6  
  141  9:23  Drone  
  141  9:24  Spore Crawler x2  
  147  9:27  Ravager x2  
  147  9:29  Roach x2  
  152  9:34  Roach x5  
  160  9:40  Roach x2  
  160  9:44  Infestation Pit  
  160  9:45  Extractor  
  162  9:47  Extractor  
  162  9:50  Drone x3  
  162  9:51  Drone x2  
  162  9:52  Drone  
  167  9:53  Drone  
  167  9:54  Hatchery  
  167  9:58  Overlord x2  
  167  10:02  Overseer  
  167  10:04  Roach x4  
  167  10:05  Ravager  
  167  10:06  Ravager x2  
  175  10:18  Roach x8  
  191  10:23  Zergling x2  
  191  10:24  Zergling x2  
  193  10:30  Hydralisk Den  
  193  10:32  Roach x4  
  198  10:55  Ravager  
  197  11:03  Baneling Nest  
Tags
 
Add a new tag
Caveats
  • Supply blocks, unpowered buildings, or Contaminate may cause inaccurate times.
  • Supply counts are checked every 10 seconds.